[Event "WYCC U14 Girls 2019"]
[Site "Mumbai"]
[Date "2019.10.09"]
[Round "8.5"]
[White "Mungunzul, Bat-Erdene"]
[Black "Dhyana Patel"]
[Result "1-0"]
[ECO "D86"]
[WhiteElo "1912"]
[BlackElo "1995"]
[Annotator "NA"]
[PlyCount "111"]
[EventDate "2019.10.02"]
[EventType "swiss"]
[EventCountry "IND"]
[SourceTitle "playchess.com"]
[Source "ChessBase"]
[SourceQuality "1"]
[TimeControl "40/5400+30:1800+30"]

1. d4 Nf6 2. c4 g6 3. Nc3 d5 4. cxd5 Nxd5 5. e4 Nxc3 6. bxc3 Bg7 7. Bc4 c5 8. Be3 Nc6 9. Ne2 O-O 10. O-O Bg4 11. f3 Bd7 12. Rb1 Qc7 13. Qd2 {D87: Exchange Grünfeld: Classical Line: Variations without ...cxd4} (13. h4 cxd4 14. cxd4 Nxd4 15. Bxf7+ Rxf7 16. Nxd4 Rd8 17. Qb3 Qg3 18. Ne2 Qxh4 19. Bf2 Qf6 20. Rfd1 b6 {½-½ (119) Karjakin,S (2773)-Vachier Lagrave,M (2779) Saint Louis 2018}) 13... Rad8 14. Rfc1 Bc8 15. Bh6 e5 $146 ({Predecessor:} 15... Na5 16. Bb3 e5 17. Bxg7 Kxg7 18. f4 Bg4 19. fxe5 Bxe2 20. Qxe2 cxd4 21. cxd4 {½-½ (32) Naumkin,I (2383)-Doshi,M (2203) Balatonlelle 2018}) 16. d5 Na5 17. Bxg7 Kxg7 18. Bd3 b6 19. Rf1 c4 20. Bc2 f5 21. Rbd1 fxe4 22. Bxe4 Nb7 23. Ng3 Nd6 24. Rfe1 $11 Nf7 25. Qe3 Bd7 26. Qd2 Bc8 27. Qe3 Rd6 28. Rd2 Rfd8 29. Red1 Bb7 30. Ne2 Qe7 31. f4 Kg8 32. fxe5 Qxe5 33. Qd4 Re8 34. Qxe5 Rxe5 35. Rd4 Ng5 36. Ng3 b5 37. h4 Nf7 38. Kf2 Nh6 39. Bf3 Nf5 40. Re4 Rxe4 41. Nxe4 Rd8 42. g3 Nd6 43. Nxd6 Rxd6 44. Ke3 Kf7 45. Kd4 Rf6 46. Bg4 Ke7 47. Kc5 a6 48. Re1+ Kd8 49. d6 h5 50. Bh3 b4 51. Re7 Bf3 52. Rd7+ Ke8 53. Kxb4 Bg4 54. Bxg4 hxg4 55. Re7+ Kd8 56. Kc5 1-0

[Event "WYCC U14 Girls 2019"]
[Site "Mumbai"]
[Date "2019.10.09"]
[Round "8.6"]
[White "Omonova, Umida"]
[Black "Ince, Safiye Oyku"]
[Result "1/2-1/2"]
[ECO "B47"]
[WhiteElo "2078"]
[BlackElo "1840"]
[Annotator "NA"]
[PlyCount "87"]
[EventDate "2019.10.02"]
[EventType "swiss"]
[EventCountry "IND"]
[SourceTitle "playchess.com"]
[Source "ChessBase"]
[SourceQuality "1"]
[TimeControl "40/5400+30:1800+30"]

1. e4 c5 2. Nf3 e6 3. d4 cxd4 4. Nxd4 Nc6 5. Nc3 Qc7 6. Be2 Nf6 7. O-O Be7 8. Be3 O-O 9. f4 d6 10. Qe1 Nxd4 11. Bxd4 e5 12. fxe5 dxe5 13. Qg3 Bc5 14. Bxc5 Qxc5+ 15. Kh1 Ne8 16. Rad1 Be6 17. Bg4 Nc7 $11 18. Bxe6 fxe6 19. Qd3 b5 20. a3 a5 21. Ne2 b4 22. axb4 axb4 23. Ng1 Nb5 24. Nf3 Nd4 25. c3 Nxf3 26. Rxf3 Rxf3 27. Qxf3 Rf8 28. Qd3 bxc3 29. bxc3 Rc8 30. Rf1 Qc4 31. Qf3 h6 32. h3 Rd8 33. Qf7+ Kh8 34. Qf3 Kg8 35. Kh2 Rc8 36. Qf7+ Kh8 37. Rf3 Qxe4 38. Rg3 Rg8 39. Qxe6 Qf4 40. Qg4 Qxg4 41. Rxg4 Rc8 42. c4 Kg8 43. Kg3 Kf7 44. Kf3 1/2-1/2

[Event "WYCC U14 Girls 2019"]
[Site "Mumbai"]
[Date "2019.10.09"]
[Round "8.7"]
[White "Poliakova, Varvara"]
[Black "Cai, Boheng"]
[Result "1-0"]
[ECO "B18"]
[WhiteElo "2042"]
[BlackElo "1853"]
[Annotator "NA"]
[PlyCount "71"]
[EventDate "2019.10.02"]
[EventType "swiss"]
[EventCountry "IND"]
[SourceTitle "playchess.com"]
[Source "ChessBase"]
[SourceQuality "1"]
[TimeControl "40/5400+30:1800+30"]

1. e4 c6 2. d4 d5 3. Nd2 dxe4 4. Nxe4 Bf5 5. Ng3 Bg6 6. f4 e6 7. Nf3 Nd7 8. Bd3 Ngf6 {B18: Classical Caro-Kann: 4...Bf5 sidelines} (8... Qc7 9. O-O Bxd3 10. Qxd3 O-O-O 11. Qe2 Nh6 12. Kh1 Nf5 13. Ne4 Nf6 14. c3 c5 15. Bd2 Nxe4 16. Qxe4 {1-0 (30) Yilmazyerli,M (2442)-Baglan,E (2343) Kemer 2018}) 9. f5 exf5 10. O-O Be7 11. Nxf5 Bxf5 12. Bxf5 O-O 13. c3 $146 ({Predecessor:} 13. c4 Qc7 14. b3 Rad8 15. Bb2 Rfe8 16. Qc2 {0-1 (52) Lugasi,Z (2150)-Csiszar,Z (2251) Hungary 2012}) 13... Qc7 14. Qc2 c5 15. Kh1 Bd6 16. Ng5 g6 17. Bxd7 Nxd7 18. Qf2 Be7 19. Nxf7 Bf6 20. Bf4 Qc6 21. Nh6+ Kh8 22. d5 Qa6 23. Rae1 Bg5 24. Bxg5 Rxf2 25. Rxf2 Qc4 26. Re7 $18 Qxa2 27. Kg1 Qxd5 28. Rxd7 Qxd7 29. Bf6+ Qg7 30. Nf7+ Kg8 31. Bxg7 Kxg7 32. Ng5 b6 33. Rf7+ Kg8 34. Rxh7 Rd8 35. Rh8+ Kxh8 36. Nf7+ 1-0

[Event "WYCC U14 Girls 2019"]
[Site "Mumbai"]
[Date "2019.10.09"]
[Round "8.8"]
[White "Renganayaki V"]
[Black "Kamalidenova, Meruert"]
[Result "0-1"]
[ECO "E73"]
[WhiteElo "1641"]
[BlackElo "2025"]
[Annotator "NA RC"]
[PlyCount "74"]
[EventDate "2019.10.02"]
[EventType "swiss"]
[EventCountry "IND"]
[SourceTitle "playchess.com"]
[Source "ChessBase"]
[SourceQuality "1"]
[TimeControl "40/5400+30:1800+30"]

1. d4 Nf6 2. c4 g6 3. Nc3 Bg7 4. e4 d6 5. Be2 O-O 6. Be3 c5 7. d5 e6 8. h3 {[%emt 0:01:14] E73: King's Indian: Averbakh Variation without 6...c5} (8. Nf3 exd5 9. cxd5 Re8 10. Nd2 c4 11. O-O Na6 12. Bf3 b6 13. Re1 Nc5 14. Bxc5 bxc5 15. e5 Rxe5 16. Rxe5 dxe5 17. Nxc4 {½-½ (23) Howell,D (2687)-Jones,G (2670) Hull 2018}) 8... exd5 9. exd5 Qa5 10. Bd2 Re8 $146 ({Predecessor:} 10... Qd8 11. Bd3 Na6 12. a3 Nc7 13. a4 Na6 14. Nge2 Nd7 15. f4 Nb4 16. Bb1 {0-1 (39) Sapis,W (2429)-Kaminski,M (2523) Koszalin 1999}) 11. Nf3 Bf5 12. O-O Qb6 13. Nh4 Bc8 14. Qc2 Nfd7 15. f4 Na6 (15... Qd8 $16 16. Nf3 b5) 16. Kh1 Qd8 17. Nf3 Nf6 18. a3 Nh5 19. Rf2 Bd4 20. Nxd4 cxd4 21. Ne4 $2 (21. Bxh5 $1 $11 Qh4 22. g3 Qxg3 23. Ne4 (23. Rf3 $2 Qh4 $19)) 21... Bf5 22. Bxh5 Bxe4 23. Qd1 Qh4 24. Kg1 (24. Be1 {is the only way for White.} Qxh3+ 25. Kg1 Qxh5 26. Qxd4) 24... Qxh5 ({Don't take} 24... gxh5 25. b4 $19) 25. Qf1 $19 Nc5 26. Bb4 Bd3 27. Qd1 Qxd1+ 28. Rxd1 Bxc4 29. Rxd4 b5 30. f5 Nd3 31. Rf3 Nxb4 32. axb4 Re5 33. fxg6 hxg6 34. Rf6 Rd8 35. Rf3 Rxd5 36. Rxd5 Bxd5 37. Ra3 Rd7 0-1

[Event "WYCC U14 Girls 2019"]
[Site "Mumbai"]
[Date "2019.10.09"]
[Round "8.9"]
[White "Wikar, Martyna"]
[Black "Meiyappan, Annapoorni"]
[Result "1-0"]
[ECO "A06"]
[WhiteElo "1969"]
[BlackElo "1818"]
[Annotator "NA"]
[PlyCount "71"]
[EventDate "2019.10.02"]
[EventType "swiss"]
[EventCountry "IND"]
[SourceTitle "playchess.com"]
[Source "ChessBase"]
[SourceQuality "1"]
[TimeControl "40/5400+30:1800+30"]

1. Nf3 d5 2. g3 Nf6 3. Bg2 c5 4. O-O Nc6 5. d3 e5 6. Nbd2 Be7 7. e4 d4 8. Nc4 Qc7 9. a4 Be6 {[%emt 0:01:12] A08: King's Indian Attack} (9... O-O 10. Nh4 g6 11. f4 exf4 12. Bxf4 Qd8 13. Nf3 Be6 14. b3 Ng4 15. Qd2 Bxc4 16. bxc4 Bd6 17. e5 Bb8 18. Qc1 Bc7 19. Qd2 Bb8 20. Qc1 Bc7 21. Qd2 Bb8 22. Qc1 {½-½ (22) Maghsoodloo,P (2638)-Gukesh,D (2431) Voronezh 2018}) 10. b3 O-O 11. Ne1 Bxc4 $146 ({Predecessor:} 11... a6 12. f4 b5 13. Nxe5 Nxe5 14. fxe5 Nd7 15. Nf3 Bg4 16. Qe1 Bxf3 17. Bxf3 Nxe5 {½-½ (27) Sollars,R (1538)-Capuzzi,G (1820) ICCF email 2013}) 12. bxc4 Qd7 13. h3 Bd8 14. f4 Ba5 15. Nf3 Bc3 16. Ra3 Qc7 17. Rb3 Rfe8 18. fxe5 Nxe5 19. Nxe5 Qxe5 20. Bf4 Qh5 21. g4 Qh4 22. Rxb7 Rad8 23. Rxa7 h6 24. Qf3 Rf8 25. a5 Nh7 26. Qg3 Qxg3 27. Bxg3 $18 f6 28. e5 fxe5 29. Rxf8+ Kxf8 30. Bxe5 Nf6 31. Bxf6 gxf6 32. Bd5 Rb8 33. a6 Rb1+ 34. Kg2 Rb2 35. Rf7+ Ke8 36. a7 1-0

[Event "WYCC U14 Girls 2019"]
[Site "Mumbai"]
[Date "2019.10.09"]
[Round "8.10"]
[White "Lhotska, Anna"]
[Black "Zavivaeva, Emilia"]
[Result "0-1"]
[ECO "A12"]
[WhiteElo "1897"]
[BlackElo "1745"]
[Annotator "NA"]
[PlyCount "90"]
[EventDate "2019.10.02"]
[EventType "swiss"]
[EventCountry "IND"]
[SourceTitle "playchess.com"]
[Source "ChessBase"]
[SourceQuality "1"]
[TimeControl "40/5400+30:1800+30"]

1. Nf3 Nf6 2. c4 c6 3. g3 d5 4. b3 Bf5 5. Bg2 e6 6. O-O Nbd7 7. d3 Bd6 8. Bb2 O-O 9. e3 $146 {[%emt 0:09:49] A12: English Opening: 1...c6 with b3 by White} ({Predecessor:} 9. Ba3 Bxa3 10. Nxa3 Qe7 11. Nc2 h6 12. Qc1 e5 13. Qa3 Qe6 14. Ne3 Bh3 15. cxd5 cxd5 16. Qb4 Bxg2 17. Kxg2 {0-1 (30) Klyuner,V (2452)-Khenkin,I (2605) Germany 2015}) 9... e5 10. cxd5 cxd5 11. Nc3 Qe7 12. Nh4 Be6 13. Qd2 Bc5 14. d4 exd4 15. exd4 Bb4 16. Rae1 Qd6 17. Qd3 a6 18. Re3 Rac8 19. Nf5 Qb8 $14 20. Rc1 Rfe8 21. a3 Bf8 22. Ree1 b5 23. Ne3 Nb6 24. f4 Qd6 25. f5 Bd7 26. Rf1 Bc6 27. Rf4 Be7 28. Rcf1 Nfd7 29. Ng4 h5 30. Ne3 Bg5 31. R4f3 Nf6 32. Ned1 Ne4 33. Re1 Nd2 34. Rxe8+ Rxe8 35. Rf2 Re1+ 36. Bf1 Nxb3 37. Nxb5 Bxb5 38. Qxb3 Ba4 39. Qc3 Rxd1 40. Qf3 Nc4 41. Re2 Bb5 42. Bc3 Ne3 43. Bb4 Qd7 44. Re1 Rxe1 45. Bxe1 Bxf1 0-1

[Event "WYCC U14 Girls 2019"]
[Site "Mumbai"]
[Date "2019.10.09"]
[Round "8.11"]
[White "Sulyok, Eszter"]
[Black "Zhuang, Yongzhe"]
[Result "1-0"]
[ECO "D34"]
[WhiteElo "1893"]
[BlackElo "1696"]
[Annotator "NA"]
[PlyCount "113"]
[EventDate "2019.10.02"]
[EventType "swiss"]
[EventCountry "IND"]
[SourceTitle "playchess.com"]
[Source "ChessBase"]
[SourceQuality "1"]
[TimeControl "40/5400+30:1800+30"]

1. c4 e6 2. g3 d5 3. Bg2 c5 4. Nf3 Nc6 5. O-O Nf6 6. cxd5 exd5 7. d4 Be7 8. Nc3 O-O 9. Bg5 cxd4 10. Nxd4 h6 11. Be3 Bg4 12. h3 Be6 13. a3 {D34: Tarrasch Defence: 6 g3 Nf6 7 Bg2 Be7} (13. Rc1 Qd7 14. Nxe6 fxe6 15. f4 Rfd8 16. Bf2 Bb4 17. Qa4 Qe7 18. e4 Bxc3 19. Rxc3 dxe4 20. Bxe4 Nxe4 21. Qxe4 Rd2 {½-½ (76) Thybo,J (2497)-Salem,A (2642) Warsaw 2018}) 13... Qd7 14. Kh2 Rac8 15. f4 $146 ({Predecessor:} 15. Qa4 Rfd8 16. Rad1 Ne5 17. Qxd7 Rxd7 18. Bc1 Nc6 19. Be3 Ne5 20. Bc1 Nc6 21. Be3 Ne5 {½-½ (21) Janssen,G (2160)-Dambacher,M (2313) Heerlen 1999}) 15... Rfe8 16. Qd3 Nxd4 17. Bxd4 Bf5 18. Qd1 a6 19. Qb3 $11 Rcd8 20. Rad1 Be6 21. Bxf6 Bxf6 22. Nxd5 Bxd5 23. Rxd5 Qe7 24. e4 Rxd5 25. exd5 b5 26. Rd1 Qe2 27. d6 Bxb2 28. Qd5 Bxa3 29. Qc6 Rd8 30. Qc7 Rxd6 31. Rxd6 Bxd6 32. Qxd6 a5 33. Qd8+ Kh7 34. Qxa5 Qb2 35. Qe1 g6 36. Qe8 Qb3 37. Bf1 b4 38. Qe7 Qb2+ 39. Qe2 Qc3 40. Qc4 Qd2+ 41. Be2 Kg7 42. Qd3 Qe1 43. Kg2 b3 44. Qd4+ Kh7 45. Bc4 Qb4 46. Qd5 Qe7 47. Qxf7+ Qxf7 48. Bxf7 b2 49. Ba2 Kg7 50. Kf3 Kf6 51. Bb1 g5 52. f5 h5 53. g4 h4 54. Ke4 Kf7 55. Ke5 Ke7 56. f6+ Kf7 57. Ke4 1-0

[Event "WYCC U14 Girls 2019"]
[Site "Mumbai"]
[Date "2019.10.09"]
[Round "8.12"]
[White "Obada, Ema"]
[Black "Chinnam Vyshnavi"]
[Result "1-0"]
[ECO "C01"]
[WhiteElo "1987"]
[BlackElo "1745"]
[Annotator "NA RC"]
[PlyCount "45"]
[EventDate "2019.10.02"]
[EventType "swiss"]
[EventCountry "IND"]
[SourceTitle "playchess.com"]
[Source "ChessBase"]
[SourceQuality "1"]
[TimeControl "40/5400+30:1800+30"]

1. e4 e6 2. d4 d5 3. exd5 exd5 4. Nc3 Nf6 5. Bd3 c5 6. Bb5+ Bd7 $11 7. Bxd7+ Nbxd7 8. Nf3 Qe7+ 9. Be3 c4 10. O-O O-O-O 11. Bf4 Qb4 12. Ng5 Qxb2 13. Qf3 a6 14. Nxf7 Bb4 15. Nxd5 Nxd5 16. Qxd5 Qc3 17. a3 Be7 18. Rab1 Nc5 19. Qf5+ Rd7 20. dxc5 g6 21. Qe6 Bxc5 22. Qc6+ bxc6 23. Rb8# 1-0

[Event "WYCC U14 Girls 2019"]
[Site "Mumbai"]
[Date "2019.10.10"]
[Round "9.1"]
[White "Roebers, Eline"]
[Black "Nasyrova, Ekaterina"]
[Result "1-0"]
[ECO "C44"]
[WhiteElo "2083"]
[BlackElo "2137"]
[Annotator "NA"]
[PlyCount "97"]
[EventDate "2019.10.02"]
[EventType "swiss"]
[EventCountry "IND"]
[SourceTitle "playchess.com"]
[Source "ChessBase"]
[SourceQuality "1"]
[TimeControl "40/5400+30:1800+30"]

1. e4 e5 2. Nf3 Nc6 3. d4 exd4 4. Nxd4 Bb4+ 5. c3 Bc5 6. Be3 Bb6 7. Nf5 g6 8. Bxb6 axb6 9. Ne3 Nf6 10. f3 d6 11. c4 Nh5 12. g3 f5 13. exf5 Qe7 14. Kf2 O-O 15. fxg6 hxg6 16. Bg2 Ne5 17. Re1 Qf7 18. Nc3 Be6 19. b3 g5 20. Ne4 Qg6 21. Kg1 Rf7 22. Nd5 g4 23. f4 Nf3+ 24. Bxf3 gxf3 25. Ng5 f2+ 26. Kxf2 Qxg5 27. Rxe6 Raf8 28. Qf3 c6 29. h4 Qf5 30. Ne7+ Rxe7 31. Rxe7 Nf6 32. Rae1 b5 33. Rxb7 bxc4 34. bxc4 Qc5+ 35. Kg2 Qxc4 36. Qb3 Qxb3 37. axb3 c5 38. Kf3 d5 39. Rb5 Rc8 40. Rc1 Ne4 41. b4 Ra8 42. bxc5 Ra3+ 43. Kg2 Rxg3+ 44. Kh2 Rg4 45. Rg1 Rxg1 46. Kxg1 Kf7 47. c6 Ke6 48. c7 Nd6 49. Rb6 1-0

[Event "WYCC U14 Girls 2019"]
[Site "Mumbai"]
[Date "2019.10.10"]
[Round "9.2"]
[White "Allahverdiyeva, Ayan"]
[Black "Rakshitta Ravi"]
[Result "1-0"]
[ECO "C70"]
[WhiteElo "2160"]
[BlackElo "2310"]
[Annotator "ChessBase"]
[PlyCount "61"]
[EventDate "2019.10.02"]
[EventType "swiss"]
[EventCountry "IND"]
[SourceTitle "playchess.com"]
[Source "ChessBase"]
[SourceQuality "1"]
[TimeControl "40/5400+30:1800+30"]

1. e4 e5 2. Nf3 Nc6 3. Bb5 a6 4. Ba4 g6 5. O-O Bg7 6. c3 Nge7 7. d4 exd4 8. cxd4 O-O 9. Nc3 b5 10. Bb3 Na5 11. Bc2 d6 12. h3 h6 13. Re1 c5 14. Bf4 Nc4 15. b3 Na3 16. Bd3 b4 17. Ne2 Nc6 18. Rc1 Qe7 19. Qd2 g5 20. Be3 g4 21. hxg4 Bxg4 22. Nh2 Bxe2 23. Rxe2 Nxd4 24. Bxd4 Bxd4 25. Ng4 Qe6 26. Nxh6+ Kh8 27. Ng4 Kg8 28. Nh6+ Kh8 29. e5 dxe5 30. Qg5 Rg8 31. Nxf7+ 1-0

[Event "WYCC U14 Girls 2019"]
[Site "Mumbai"]
[Date "2019.10.10"]
[Round "9.3"]
[White "Mungunzul, Bat-Erdene"]
[Black "Hakobyan, Astghik"]
[Result "1-0"]
[ECO "A46"]
[WhiteElo "1912"]
[BlackElo "1978"]
[Annotator "NA"]
[PlyCount "73"]
[EventDate "2019.10.02"]
[EventType "swiss"]
[EventCountry "IND"]
[SourceTitle "playchess.com"]
[Source "ChessBase"]
[SourceQuality "1"]
[TimeControl "40/5400+30:1800+30"]

1. d4 Nf6 2. Nf3 e6 3. Bf4 b6 4. e3 Bb7 5. Bd3 Be7 6. h3 c5 7. c3 Nc6 8. Nbd2 d6 9. Qe2 cxd4 10. exd4 Qd7 11. Bh2 O-O 12. O-O Rfe8 13. Rad1 Bf8 14. Rfe1 a6 15. Ng5 Ne7 16. Nc4 Ned5 17. Ne4 Nxe4 18. Bxe4 Qc7 19. Qd3 f5 20. Bf3 g6 21. Re2 b5 22. Nd2 Nf6 23. Rde1 Kf7 24. Bf4 Rad8 25. Qc2 h6 26. h4 Bxf3 27. Nxf3 Ne4 28. Qc1 e5 29. Bxh6 Bxh6 30. Qxh6 Rh8 31. Qe3 Qe7 32. g3 Kg7 33. Rd1 Rhe8 34. Ree1 Kh7 35. Rd3 Qf7 36. dxe5 Nc5 37. Ng5+ 1-0

[Event "WYCC U14 Girls 2019"]
[Site "Mumbai"]
[Date "2019.10.10"]
[Round "9.4"]
[White "Kamalidenova, Meruert"]
[Black "Velpula Sarayu"]
[Result "1-0"]
[ECO "B27"]
[WhiteElo "2025"]
[BlackElo "1717"]
[Annotator "NA"]
[PlyCount "95"]
[EventDate "2019.10.02"]
[EventType "swiss"]
[EventCountry "IND"]
[SourceTitle "playchess.com"]
[Source "ChessBase"]
[SourceQuality "1"]
[TimeControl "40/5400+30:1800+30"]

1. e4 c5 2. Nf3 g6 3. c4 Nc6 4. d4 cxd4 5. Nxd4 Nf6 6. Nc3 d6 7. Be2 Nxd4 8. Qxd4 Bg7 9. Be3 O-O 10. Qd2 a5 11. O-O a4 12. Rad1 Qa5 13. f3 Be6 14. Nb5 Qxd2 15. Rxd2 Rfc8 16. b3 axb3 17. axb3 Ne8 18. f4 Bd7 19. Na7 Rcb8 20. Bb6 Bc6 21. Bf3 Bh6 22. g3 g5 23. Bh1 gxf4 24. gxf4 Nf6 25. Bc7 Bxe4 26. Bxb8 Rxb8 27. Nb5 Bxh1 28. Kxh1 Ne4 29. Re2 f5 30. Nd4 Rf8 31. Nxf5 Rxf5 32. Rxe4 Kf7 33. Rfe1 Bf8 34. Ra1 Rc5 35. b4 Rc7 36. Ra5 e6 37. Kg2 Kf6 38. Kf3 Be7 39. Ke2 Rd7 40. Rh5 Bf8 41. Kd3 Rc7 42. Rb5 Kf7 43. Re2 Ke7 44. Rb6 Kd7 45. Ra2 Bg7 46. Ra7 Kc8 47. Rxd6 Kb8 48. Ra2 1-0

[Event "WYCC U14 Girls 2019"]
[Site "Mumbai"]
[Date "2019.10.10"]
[Round "9.5"]
[White "Divya Deshmukh"]
[Black "Poliakova, Varvara"]
[Result "1-0"]
[ECO "A45"]
[WhiteElo "2358"]
[BlackElo "2042"]
[Annotator "NA"]
[PlyCount "79"]
[EventDate "2019.10.02"]
[EventType "swiss"]
[EventCountry "IND"]
[SourceTitle "playchess.com"]
[Source "ChessBase"]
[SourceQuality "1"]
[TimeControl "40/5400+30:1800+30"]

1. d4 Nf6 2. Bg5 e6 3. e4 h6 4. Bxf6 Qxf6 5. Nf3 d6 6. Nc3 g6 7. Qd2 a6 8. O-O-O Bg7 9. e5 {A46: 1 d4 Nf6 2 Nf3 e6: Torre, London and Colle Systems} Qd8 $146 ({Predecessor:} 9... Qe7 10. Qf4 d5 11. h4 Nd7 12. Bd3 b6 13. Ne2 Bb7 14. Kb1 c5 15. c3 c4 16. Bc2 b5 {1-0 (54) Savchenko,V (2414)-Zude,A (2461) Germany 2009}) 10. Qf4 d5 11. Bd3 b5 12. Qg3 Qe7 13. Ne2 c5 14. dxc5 Nc6 15. Ned4 Qxc5 16. Bxg6 fxg6 17. Qxg6+ Kf8 18. Nxc6 Qxc6 19. Rd4 Qd7 20. Rf4+ Kg8 21. h4 Qe7 22. h5 Bd7 $17 23. Qg3 Rf8 24. Rg4 Be8 25. Nd4 Rh7 26. f4 Rf5 27. Nxf5 exf5 28. Rgh4 Kh8 29. Qd3 Qe6 30. Rd1 Bc6 31. Qa3 Kg8 32. Rh3 Bf8 33. Rg3+ Rg7 34. Rxg7+ Kxg7 35. Qxa6 Bd7 36. Qa7 Be7 37. Qd4 Bc6 38. Rd3 Kh7 39. a3 Qg8 40. Qa7 1-0

[Event "WYCC U14 Girls 2019"]
[Site "Mumbai"]
[Date "2019.10.10"]
[Round "9.6"]
[White "Zavivaeva, Emilia"]
[Black "Wikar, Martyna"]
[Result "0-1"]
[ECO "B33"]
[WhiteElo "1745"]
[BlackElo "1969"]
[Annotator "NA"]
[PlyCount "82"]
[EventDate "2019.10.02"]
[EventType "swiss"]
[EventCountry "IND"]
[SourceTitle "playchess.com"]
[Source "ChessBase"]
[SourceQuality "1"]
[TimeControl "40/5400+30:1800+30"]

1. e4 c5 2. Nf3 Nc6 3. d4 cxd4 4. Nxd4 Nf6 5. Nc3 e5 6. Ndb5 d6 7. Bg5 a6 8. Na3 b5 9. Bxf6 gxf6 10. Nd5 Bg7 11. c3 Rb8 12. Nc2 O-O 13. g3 Ne7 14. Ncb4 Bb7 15. Bg2 a5 16. Nxe7+ Qxe7 17. Nd5 Bxd5 18. Qxd5 Rfc8 19. Rd1 Bf8 20. O-O Rc5 21. Qd2 b4 22. cxb4 Rxb4 23. b3 f5 24. exf5 d5 25. Rfe1 Qf6 26. Qe3 e4 27. Qf4 h5 28. Qe3 Qxf5 29. f3 Rc2 30. fxe4 dxe4 31. Rd8 Kg7 32. Rdd1 Kg8 33. Rd8 Kg7 34. Rxf8 Kxf8 35. a3 Rxb3 36. Qd4 Qc5 37. Rxe4 Qxd4+ 38. Rxd4 Rxa3 39. Rd5 Ra1+ 40. Bf1 Rcc1 41. Rf5 Rxf1+ 0-1

[Event "WYCC U14 Girls 2019"]
[Site "Mumbai"]
[Date "2019.10.10"]
[Round "9.7"]
[White "Dhyana Patel"]
[Black "Sulyok, Eszter"]
[Result "1-0"]
[ECO "B42"]
[WhiteElo "1995"]
[BlackElo "1893"]
[Annotator "NA"]
[PlyCount "45"]
[EventDate "2019.10.02"]
[EventType "swiss"]
[EventCountry "IND"]
[SourceTitle "playchess.com"]
[Source "ChessBase"]
[SourceQuality "1"]
[TimeControl "40/5400+30:1800+30"]

1. e4 c5 2. Nf3 e6 3. d4 cxd4 4. Nxd4 a6 5. Bd3 Nf6 6. O-O Qc7 7. Qe2 d6 8. f4 Nbd7 9. c4 g6 10. f5 e5 11. Nb3 Bg7 12. Nc3 O-O 13. g4 Nb6 14. g5 Nh5 15. f6 Bh8 16. Be3 h6 17. Qf2 Nd7 18. Nd5 Qd8 19. Be2 Nf4 20. Bxf4 exf4 21. Ne7+ Kh7 22. Qh4 h5 23. Bxh5 1-0

[Event "WYCC U14 Girls 2019"]
[Site "Mumbai"]
[Date "2019.10.10"]
[Round "9.8"]
[White "De Rycke, Tyani"]
[Black "Omonova, Umida"]
[Result "1/2-1/2"]
[ECO "B26"]
[WhiteElo "1891"]
[BlackElo "2078"]
[Annotator "NA"]
[PlyCount "104"]
[EventDate "2019.10.02"]
[EventType "swiss"]
[EventCountry "IND"]
[SourceTitle "playchess.com"]
[Source "ChessBase"]
[SourceQuality "1"]
[TimeControl "40/5400+30:1800+30"]

1. e4 c5 2. Nc3 Nc6 3. g3 g6 4. Bg2 Bg7 5. d3 d6 6. Be3 Rb8 7. Qd2 b5 8. f4 b4 9. Nd1 e6 10. c3 Qb6 11. Ne2 e5 12. O-O Nge7 13. h3 h5 14. Nf2 Be6 15. g4 hxg4 16. hxg4 exf4 17. Nxf4 bxc3 18. bxc3 Qb2 19. Nxe6 fxe6 20. Qxb2 Rxb2 21. Rfc1 O-O 22. g5 Ne5 23. Rcb1 Rfb8 24. Rxb2 Rxb2 25. d4 Nc4 26. Bc1 Rb8 27. Bf1 Na5 28. Bf4 cxd4 29. Bxd6 Rb7 30. cxd4 Bxd4 31. Rd1 Nec6 32. Bh3 Kf7 33. Rd3 Ne5 34. Bxe5 Bxe5 35. Ng4 Nc6 36. Rf3+ Ke7 37. Nxe5 Nxe5 38. Rf6 Rb6 39. Kf2 a5 40. Ke3 a4 41. Kd4 Nd7 42. Rf2 Rb4+ 43. Ke3 a3 44. Rc2 Ne5 45. Kf4 Rb2 46. Rc3 Kd6 47. Rxa3 Nc6 48. e5+ Nxe5 49. Ra6+ Nc6 50. Bxe6 Rb4+ 51. Kg3 Kc7 52. Bf7 Ne5 1/2-1/2

[Event "WYCC U14 Girls 2019"]
[Site "Mumbai"]
[Date "2019.10.10"]
[Round "9.9"]
[White "Ishvi Aggarwal"]
[Black "Obada, Ema"]
[Result "1/2-1/2"]
[ECO "A40"]
[WhiteElo "1935"]
[BlackElo "1987"]
[Annotator "NA"]
[PlyCount "117"]
[EventDate "2019.10.02"]
[EventType "swiss"]
[EventCountry "IND"]
[SourceTitle "playchess.com"]
[Source "ChessBase"]
[SourceQuality "1"]
[TimeControl "40/5400+30:1800+30"]

1. d4 Nf6 2. c4 e6 3. g3 Bb4+ 4. Bd2 Qe7 5. Nf3 O-O 6. Bg2 Bxd2+ 7. Qxd2 d6 8. Nc3 e5 9. O-O Re8 10. d5 a5 11. a3 Na6 12. e4 Nc5 13. Qc2 a4 14. Nd2 Nh5 15. b4 axb3 16. Nxb3 Nxb3 17. Qxb3 g6 18. Rfd1 b6 19. Nb5 f5 20. exf5 gxf5 21. a4 Ra5 22. Re1 Qd8 23. Qc3 Ba6 24. Bf1 Nf6 25. Bh3 Bc8 26. f4 Ne4 27. Qf3 Rf8 28. Kh1 Kh8 29. Bg2 Bd7 30. fxe5 Bxb5 31. axb5 Rxa1 32. Rxa1 dxe5 33. Qe2 Nd6 34. Qxe5+ Qf6 35. Qxf6+ Rxf6 36. Ra8+ Kg7 37. Ra7 Rf7 38. Bf1 Kf6 39. Ra1 Ke5 40. Re1+ Kd4 41. Rd1+ Kc5 42. Re1 f4 43. Kg2 fxg3 44. Kxg3 Nf5+ 45. Kg2 Rg7+ 46. Kh3 Rg1 47. Rb1 Ne3 48. Bd3 Rxb1 49. Bxb1 h6 50. Kh4 Kxc4 51. Kh5 Kxd5 52. h4 Ng2 53. Bf5 Ke5 54. Bd7 Kf4 55. Bc6 Ne3 56. Kxh6 Nf5+ 57. Kh5 Kg3 58. Kg5 Nxh4 59. Kf6 1/2-1/2

[Event "WYCC U14 Girls 2019"]
[Site "Mumbai"]
[Date "2019.10.10"]
[Round "9.10"]
[White "Ghomi, Parnian"]
[Black "Bhagyashree Patil"]
[Result "0-1"]
[ECO "C97"]
[WhiteElo "1948"]
[BlackElo "1802"]
[Annotator "NA"]
[PlyCount "128"]
[EventDate "2019.10.02"]
[EventType "swiss"]
[EventCountry "IND"]
[SourceTitle "playchess.com"]
[Source "ChessBase"]
[SourceQuality "1"]
[TimeControl "40/5400+30:1800+30"]

1. e4 e5 2. Nf3 Nc6 3. Bb5 a6 4. Ba4 Nf6 5. O-O Be7 6. Re1 b5 7. Bb3 d6 8. c3 O-O 9. h3 Na5 10. Bc2 c5 11. d4 Qc7 12. Nbd2 Bd7 13. Nf1 Nc4 14. b3 Nb6 15. Be3 Rfc8 16. Rc1 Bf8 17. Bg5 Ne8 18. Bb1 g6 19. Qd2 Bg7 20. d5 c4 21. b4 a5 22. a3 axb4 23. axb4 Ra3 24. g4 Rca8 25. Ng3 Qc8 26. Be3 Qc7 27. Rf1 h5 28. Nh2 hxg4 29. hxg4 Bc8 30. Kg2 Nd7 31. Rh1 Nf8 32. Bh6 Bxh6 33. Qxh6 f6 34. Qd2 R8a7 35. g5 Qe7 36. gxf6 Qxf6 37. Nf3 Bg4 38. Ng5 Nh7 39. Nxh7 Qf3+ 40. Kg1 Rxh7 41. Rxh7 Kxh7 42. Qg5 Nf6 43. Nf5 gxf5 44. Qxf6 Ra7 45. Qh4+ Bh5 46. Kh2 Rg7 47. Rg1 Rxg1 48. Kxg1 Qg4+ 49. Qxg4 Bxg4 50. Kg2 fxe4 51. Bxe4+ Kh6 52. Kg3 Kg5 53. Bh7 Bf5 54. Bg8 Kf6 55. Kh4 Kg6 56. f3 Bd7 57. Be6 Bxe6 58. dxe6 Kf6 59. e7 Kxe7 60. Kg5 d5 61. Kf5 d4 62. Ke4 dxc3 63. Ke3 Kf6 64. Ke2 Kf5 0-1